 Dungeon Crawl Stone Soup version 0.22-a0-362-g535178c (webtiles) character file.

121 Amnesiac the Magician (level 4, -4/30 HPs)
             Began as a Mummy Earth Elementalist on Apr 20, 2018.
             Killed from afar by TheNamelessOne's ghost (11 damage)
             ... with a blast of sand
             ... on level 5 of the Dungeon.
             The game lasted 00:04:01 (1684 turns).

Amnesiac the Magician (Mummy Earth Elementalist)    Turns: 1684, Time: 00:04:01

Health: -4/30      AC:  3    Str: 11    XL:     4   Next: 77%
Magic:  6/9        EV: 12    Int: 15    God:
Gold:   151        SH:  0    Dex: 12    Spells: 3/10 levels left

rFire    x . .     SeeInvis .   a - +0 short sword
rCold    + . .     Gourm    .   (no shield)
rNeg     + + +     Faith    .   c - +1 robe
rPois    ∞         Spirit   .   (no helmet)
rElec    .         Reflect  .   (no cloak)
rCorr    .         Harm     .   (no gloves)
MR       .....                  (no boots)
Stlth    ++........             (no amulet)
HPRegen  0.10/turn              (no ring)
MPRegen  0.11/turn              (no ring)

@: no status effects
A: no food or potions, fire vulnerability, cold resistance 1, negative energy
resistance 3, torment resistance, unbreathing
a: no special abilities


You were on level 5 of the Dungeon.
You were not hungry.

You visited 1 branch of the dungeon, and saw 5 of its levels.

You collected 151 gold pieces.

Inventory:

Hand Weapons
 a - a +0 short sword (weapon)
 h - a +0 blowgun
 i - a +0 long sword
Armour
 c - a +1 robe (worn)
Scrolls
 d - 2 scrolls of amnesia {!r}
 e - a scroll of enchant armour {!r}
 f - a scroll of immolation {!r}
 g - a scroll of noise {!r}
 k - 2 scrolls of identify {!r}


   Skills:
 - Level 1.0 Short Blades
 - Level 1.5 Dodging
 - Level 1.5 Stealth
 + Level 3.9 Spellcasting
 - Level 0.7 Transmutations
 * Level 3.9 Earth Magic


You had 3 spell levels left.
You knew the following spells:

 Your Spells              Type           Power        Failure   Level  Hunger
a - Sandblast             Erth           ##....       3%          1    N/A
b - Passwall              Tmut/Erth      #.........   11%         2    N/A
e - Petrify               Tmut/Erth      #.......     56%         4    N/A

Dungeon Overview and Level Annotations

Branches:
Dungeon (5/15)
 Temple: D:4-7

Altars:
Qazlal

Annotations:
D:5 TheNamelessOne's ghost, amateur OpEE


Innate Abilities, Weirdness & Mutations

You do not eat or drink.
Your flesh is vulnerable to fire.
You are immune to poison.
Your flesh is cold resistant. (rC+)
You are immune to negative energy. (rN+++)
You are immune to unholy pain and torment.
You can survive without breathing.


Message History

TheNamelessOne's ghost is moderately damaged.
b - 3 stones
Casting: Sandblast (safe; 3% risk of failure)
Confirm with . or Enter, or press ? or * to list all spells.
Aiming: Sandblast (safe; 3% risk of failure)
Press: ? - help, Shift-Dir - straight line, f/p - TheNamelessOne's ghost
Aim: TheNamelessOne's ghost (moderately damaged)
The blast of sand hits TheNamelessOne's ghost.
TheNamelessOne's ghost is heavily damaged.
b - 2 stones Unknown command.
Casting: Sandblast (safe; 3% risk of failure)
Confirm with . or Enter, or press ? or * to list all spells.
Aiming: Sandblast (safe; 3% risk of failure)
Press: ? - help, Shift-Dir - straight line, f/p - TheNamelessOne's ghost
Aim: TheNamelessOne's ghost (heavily damaged)
The blast of sand hits TheNamelessOne's ghost.
TheNamelessOne's ghost is heavily damaged.
b - a stone TheNamelessOne's ghost casts a spell at you.
The blast of sand hits you!
Unknown command.
Casting: Sandblast (safe; 3% risk of failure)
Confirm with . or Enter, or press ? or * to list all spells.
Aiming: Sandblast (safe; 3% risk of failure)
Press: ? - help, Shift-Dir - straight line, f/p - TheNamelessOne's ghost
Aim: TheNamelessOne's ghost (heavily damaged)
The blast of sand hits TheNamelessOne's ghost.
TheNamelessOne's ghost is severely damaged.
You now have no stones remaining.
TheNamelessOne's ghost casts a spell at you.
The blast of sand hits you!
Unknown command.
You closely miss TheNamelessOne's ghost.
TheNamelessOne's ghost is severely damaged.
TheNamelessOne's ghost hits you.
* * * LOW HITPOINT WARNING * * *
You hit TheNamelessOne's ghost.
TheNamelessOne's ghost is severely damaged.
TheNamelessOne's ghost hits you.
* * * LOW HITPOINT WARNING * * *
Casting: Sandblast (safe; 3% risk of failure)
Confirm with . or Enter, or press ? or * to list all spells.
Aiming: Sandblast (safe; 3% risk of failure)
Press: ? - help, Shift-Dir - straight line, f/p - TheNamelessOne's ghost
Aim: TheNamelessOne's ghost (severely damaged)
You don't have any stones to cast with.
Unknown command.
You aren't carrying any items that you can evoke.
Unknown command.
TheNamelessOne's ghost stares at you and mumbles some strange words.
The blast of sand hits you!
* * * LOW HITPOINT WARNING * * *
Really read
j - a scroll labeled RYMPULEIDI {!r}?
As you read the scroll labeled RYMPULEIDI {!r}, it crumbles to dust.
You feel aware of your surroundings.
You sensed 1 altar.
It was a scroll of magic mapping {!r}.
Really read
l - a scroll labeled EHUNUW JEVEOZY {!r}?
As you read the scroll labeled EHUNUW JEVEOZY {!r}, it crumbles to dust.
The scroll dissolves into smoke.
It was a scroll of fog {!r}.
TheNamelessOne's ghost closely misses you.
TheNamelessOne's ghost casts a spell at you.
The blast of sand hits you!
You die...

*,* *,,,,,* #.# *,,.,,* #.#
#######.#**** #.#
#...........*
#.######...........*
#.....§#...........######
#.....§W§§§............[.
#......#§§...............
#####.....W#@§§..)...........
#..........§.§§..............
#.#####################......
#...............#............
###############.#.##########.
#.............#.#.# *,
#.###########.#.#.# *, #.#
#.......#.#.#.# *, #.#
#.#####.#>#.#.# *,


You could see TheNamelessOne's ghost.

Vanquished Creatures
  2 worker ants
  3 adders (D:4)
  2 oozes (D:3)
  2 worms (D:2)
  A dart slug (D:3)
  A leopard gecko (D:2)
  4 bats
  2 giant cockroaches
  4 hobgoblins
  4 jackals (D:2)
  A kobold (D:1)
  A quokka (D:4)
  A frilled lizard (D:4)
  4 goblins
  A rat (D:2)
33 creatures vanquished.

Notes
Turn   | Place    | Note
-------+----------+-------------------------------------------
     0 | D:1      | Amnesiac the Mummy Earth Elementalist began the quest for the Orb.
     0 | D:1      | Reached XP level 1. HP: 13/13 MP: 4/4
   205 | D:2      | Reached XP level 2. HP: 19/19 MP: 1/5
   516 | D:3      | Reached XP level 3. HP: 24/24 MP: 4/7
   520 | D:3      | Learned a level 2 spell: Passwall
   722 | D:4      | Reached skill level 1 in Short Blades
   818 | D:4      | Found a stormy altar of Qazlal.
   887 | D:5      | Entered Level 5 of the Dungeon
   931 | D:4      | Reached XP level 4. HP: 30/30 MP: 6/9
   939 | D:4      | Learned a level 4 spell: Petrify
  1668 | D:5      | Noticed TheNamelessOne's ghost (amateur OpEE)
  1684 | D:5      | Killed from afar by TheNamelessOne's ghost

Vault maps used:
D:1:      enne_arrival_octagon_isle, hangedman_abyss_or_decor_stabs,
          minmay_octomino_e4
D:4:      yredelemnul_forgotten_temple_becter, grunt_qazlal_clouds
D:5:      trog_eyes_of_draining, first_ration, uniq_edmund

Skill      XL: |  1  2  3 |
---------------+----------+-----
Spellcasting   | 3 |  3.9
Earth Magic    | 3 |  3.9
Short Blades   | 1 |  1.0
Dodging        | |  1.5
Stealth        | |  1.5
Transmutations | |  0.7

Action                   |  1- 3 |  4- 6 || total
-------------------------+-------+-------++-------
Melee: Unarmed           |     1 |       ||     1
       Short sword       |    24 |     7 ||    31
 Cast: Sandblast         |    43 |    29 ||    72
       Passwall          |       |     1 ||     1
  Use: Scroll            |     4 |     2 ||     6
Armor: Robe              |    11 |     3 ||    14
Dodge: Dodged            |    31 |    12 ||    43

Table legend:
 A = Spawn XP
 B = Non-spawn XP
 C = Spawn XP percentage of total XP
 D = Spawn monster count
 E = Non-spawn monster count
 F = Spawn count percentage of total count
 G = Total turns spent on level
                    A         B        C        D         E        F      G
               +---------+---------+-------+---------+---------+-------+---------
         Total |       0 |     174 |   0.0 |       0 |      33 |   0.0 |  1684
               +---------+---------+-------+---------+---------+-------+---------
           D:1 |       0 |       8 |   0.0 |       0 |       4 |   0.0 |   189
           D:2 |       0 |      32 |   0.0 |       0 |      14 |   0.0 |   350
           D:3 |       0 |      27 |   0.0 |       0 |       8 |   0.0 |   174
           D:4 |       0 |      74 |   0.0 |       0 |       6 |   0.0 |   318
           D:5 |       0 |      33 |   0.0 |       0 |       1 |   0.0 |   653
               +---------+---------+-------+---------+---------+-------+---------
